 Dungeon Sprint DCSS version 0.17.2-1-ge4368a0 (webtiles) character file.

16426 mopl the Imperceptible (level 12, -7/61 HPs)
             Began as a Spriggan Assassin on Aug 22, 2016.
             Was the Champion of Trog.
             Killed by a distortion unwield (30 damage)
             ... in the Dungeon (Sprint III: "The Ten Rune Challenge").
             The game lasted 00:17:28 (4088 turns).

mopl the Imperceptible (Spriggan Assassin)          Turns: 4088, Time: 00:17:28

Health: -7/61      AC:  8    Str:  7    XL:     12   Next: 9%
Magic:  11/11      EV: 17    Int: 13    God:    Trog [******]
Gold:   1737       SH:  0    Dex: 22    Spells: 0 memorised, 11 levels left

rFire  . . .     SeeInvis +     (weapon restricted)
rCold  . . .     Clarity  .     E - +1 robe {rN+}
rNeg   + . .     SustAt   .     (shield restricted)
rPois  .         Gourm    .     (helmet restricted)
rElec  .         Spirit   .     d - +0 cloak
rCorr  .         Warding  .     (gloves unavailable)
rMut   .         NoTele   +     (boots unavailable)
MR     ++...                    (no amulet)
Stlth  +++++++++.               (no ring)
                                (no ring)

@: very quick, very resistant to hostile enchantments, incredibly stealthy
A: unfitting armour, antennae 1, talons 1, iridescent scales 1, see invisible,
herbivore 3, speed 3, frail 1, low mp 1, slow metabolism 2, subdued magic 1
a: Berserk, Trog's Hand, Brothers in Arms, Burn Spellbooks, Renounce Religion


You were in the Dungeon.
You worshipped Trog.
Trog was exalted by your worship.
You were not hungry.

You visited 1 branch You collected 3249 gold pieces.
You spent 1512 gold pieces at shops.

Inventory:

Hand Weapons
 a - a +6 antimagic quick blade
 b - a +0 blowgun
 t - a +0 long sword of holy wrath
 C - a +2 dagger
 K - a +3 rapier of distortion {!w}
Missiles
 e - 3 poisoned needles
 f - 12 needles of confusion
 g - 6 steel tomahawks
 h - 7 needles of paralysis
 u - 25 tomahawks of returning
 w - 15 tomahawks of dispersal (quivered)
 x - 25 curare-tipped needles
 y - 7 throwing nets
 z - 5 tomahawks
 D - 12 poisoned tomahawks
 H - 12 needles of sleeping
 I - 8 exploding tomahawks
 J - 8 silver tomahawks
Armour
 d - a +0 cloak (worn)
 E - a +1 robe of positive energy (worn)
 G - a +1 robe of magic resistance
Wands
 c - a wand of heal wounds (5)
 l - a wand of polymorph (5)
 F - a wand of hasting (5)
Scrolls
 m - a scroll of blinking
 o - 2 scrolls of holy word
 p - a scroll of identify
 q - 2 scrolls of remove curse
 B - a scroll of torment {!r}
Potions
 i - 2 potions of heal wounds
 j - a potion of haste
 k - 2 potions of magic
 n - a potion of might
 r - 2 potions of flight
 s - 2 potions of cure mutation {!q}
Miscellaneous
 v - a disc of storms
 A - a lamp of fire
Comestibles
 L - 21 royal jellies


   Skills:
 + Level 10.4 Fighting
 + Level 13.1 Short Blades
 * Level 20.0 Throwing
 - Level 1.5 Dodging
 + Level 21.6 Stealth


You had 11 spell levels left.
You didn't know any spells.

Dungeon Overview and Level Annotations

Branches:
Dungeon (1/1)

Altars:
Cheibriados
Dithmenos
Elyvilon
Fedhas
Gozag
Kikubaaqudgha
Makhleb
Nemelex Xobeh
Okawaru
Qazlal
Ru
Sif Muna
Trog
Vehumet
Xom
Yredelemnul
Zin
The Shining One
Jiyva
Lugonu

Shops:
D }


Innate Abilities, Weirdness & Mutations

You are tiny and cannot use many weapons and most armour.
You have supernaturally acute eyesight.
You are a herbivore.
You cover ground extremely quickly.
You need consume almost no food.
You have a pair of small antennae on your head.
You have sharp toenails.
You are partially covered in iridescent scales (AC +4).
You are frail (-10% HP).
Your magical capacity is low (-10% MP).
Your spells are a little easier to cast, but a little less powerful.


Message History

You see here a killer bee corpse.
You see here a glowing dagger {god gift}.
You see here a scimitar.
You see here 6 needles of slowing.
Things that are here:
a hand axe; a leather armour You see here a killer bee corpse.
There is an open door to the Lair of Beasts here.
Wield which item (- for none, * to show all)? (? for menu, Esc to quit)
Space warps around you for a moment!
K - a +3 rapier of distortion (weapon)
You drop a royal jelly.
L - 21 royal jellies (gained 1) Drop what? 38/52 slots (_ for help) (? for menu, Esc to quit)
Okay, then.
Unknown command.
Drop what? 38/52 slots (_ for help) (? for menu, Esc to quit)
Really unwield
K - a +3 rapier of distortion {!w}?
You are crushed and pinned by an extremely strong localised spatial distortion!
You die...

#...)....#.#.#...##≈
#)#..#.##.##.'...#
#)#.#.##.#########
#)###########################
#))..#.#.#..)..#......'...≈≈#
##)#).#.##)###†#.....)#...≈≈###
'##)#.#.##.#.†##..()..#...≈≈≈≈#
#).)#..#†.##..'..†....#...≈≈≈≈#
▓▓▓▓▓▓▓▓▓▓▓▓▓▓#.@.....#.......#
........)≈≈)..#.......#.......#
≈≈≈≈≈≈≈≈≈≈♣♣..'..†)...#.......#
♣♣♣♣♣♣♣♣♣♣♣♣PP#.†.....#########
♣♣♣##)###############
♣♣♣♣♣♣♣♣♣♣♣♣ #.).'.≈§≈≈##..§≈≈#
.##≈≈≈≈≈≈.D#
{#...#.≈≈§≈#≈)≈#§≈#
#.#≈≈≈≈≈...#
{#).)#.#≈≈≈##≈##≈§#
.##+≈≈≈§§####
#####.#)§§≈###§≈§#


There were no monsters in sight!

Vanquished Creatures
  Harold (D)
  Maud (D)
  Azrael (D)
  A yaktaur captain (D)
  A hydra (D)
  Erolcha (D)
  A deep elf summoner (D)
  A death drake (D)
  Joseph (D)
  A lindwurm (D)
  A deep elf conjurer (D)
  2 orc sorcerers (D)
  3 yaktaurs (D)
  2 spiny frogs (D)
  4 deep elf priests (D)
  A komodo dragon (D)
  A queen bee (D)
  3 wandering mushrooms (D)
  2 orc high priests (D)
  2 trapdoor spiders (D)
  4 redbacks (D)
  A shadow (D)
  A spatial vortex (D)
  2 hill giants (D)
  An orc warrior (D)
  A wasp (D)
  A necrophage (D)
  3 two-headed ogres (D)
  2 brain worms (D)
  A water elemental (D)
  16 killer bees (D)
  A jelly (D)
  4 orc priests (D)
  Jessica (D)
  4 orc wizards (D)
  A necromancer (D)
  A wizard (D)
  A wolf (D)
  A kobold demonologist (D)
  3 humans (D)
  2 oozes (D)
  8 orcs (D)
  A rat (D)
92 creatures vanquished.

Vanquished Creatures (collateral kills)
  2 spriggan defenders (D)
  16 killer bees (D)
18 creatures vanquished.

Vanquished Creatures (others)
  2 draconian scorchers (D)
  Nessos (D)
  A mummy priest (D)
  A hornet (D)
  3 yaktaurs (D)
  An orc high priest (D)
  A wasp (D)
  An electric eel (D)
  27 plants (D)
38 creatures vanquished.

Grand Total: 148 creatures vanquished

Notes
Turn   | Place    | Note
--------------------------------------------------------------
     0 | D        | mopl the Spriggan Assassin began the quest for the Orb.
     0 | D        | Reached XP level 1. HP: 10/10 MP: 2/2
     4 | D        | Reached skill level 3 in Throwing
     4 | D        | Reached skill level 6 in Stealth
     7 | D        | Reached skill level 4 in Throwing
     7 | D        | Reached XP level 2. HP: 14/14 MP: 3/3
    11 | D        | Noticed Jessica
    13 | D        | Reached skill level 7 in Stealth
    16 | D        | Killed Jessica
    16 | D        | Reached skill level 5 in Throwing
    16 | D        | Reached skill level 8 in Stealth
    16 | D        | Reached XP level 3. HP: 18/18 MP: 4/4
    28 | D        | Killed a yaktaur
    37 | D        | Reached skill level 6 in Throwing
    45 | D        | Noticed a wolf
    58 | D        | Killed a wolf
    58 | D        | Reached skill level 7 in Throwing
    58 | D        | Reached skill level 9 in Stealth
    58 | D        | Reached XP level 4. HP: 20/22 MP: 5/5
    79 | D        | Gained mutation: You have a pair of small antennae on your head. [potion of mutation]
    79 | D        | Gained mutation: Your spells are a little easier to cast, but a little less powerful. [potion of mutation]
    80 | D        | Gained mutation: Your magical capacity is low (-10% MP). [potion of mutation]
    80 | D        | Gained mutation: You have sharp toenails. [potion of mutation]
    81 | D        | Gained mutation: You are partially covered in iridescent scales (AC +4). [potion of mutation]
   103 | D        | Noticed a water elemental
   113 | D        | Killed a water elemental
   113 | D        | Reached skill level 8 in Throwing
   113 | D        | Reached skill level 10 in Stealth
   187 | D        | Killed a white draconian scorcher
   215 | D        | Killed a white draconian scorcher
   247 | D        | Found an iron altar of Okawaru.
   248 | D        | Found a bloodstained altar of Trog.
   248 | D        | Noticed a human
   248 | D        | Noticed a human
   250 | D        | Killed a human
   250 | D        | Reached skill level 10 in Throwing
   250 | D        | Reached skill level 12 in Stealth
   250 | D        | Reached XP level 5. HP: 25/25 MP: 5/5
   250 | D        | Reached XP level 6. HP: 30/30 MP: 6/6
   251 | D        | Killed a human
   251 | D        | Reached skill level 11 in Throwing
   251 | D        | Reached skill level 13 in Stealth
   257 | D        | Became a worshipper of Trog the Wrathful
   265 | D        | Found a glowing silver altar of Zin.
   266 | D        | Found a glowing golden altar of the Shining One.
   266 | D        | Found a white marble altar of Elyvilon.
   266 | D        | Noticed a deep elf priest
   276 | D        | Killed a deep elf priest
   276 | D        | Reached skill level 12 in Throwing
   276 | D        | Reached skill level 14 in Stealth
   276 | D        | Reached XP level 7. HP: 13/33 MP: 7/7
   482 | D        | Found a snail-covered altar of Cheibriados.
   482 | D        | Noticed a necrophage
   484 | D        | Noticed a necromancer
   486 | D        | Killed a necrophage
   486 | D        | Reached skill level 13 in Throwing
   487 | D        | Found a basalt altar of Yredelemnul.
   487 | D        | Found a blossoming altar of Fedhas.
   491 | D        | Killed a necromancer
   491 | D        | Reached * piety under Trog
   521 | D        | Found a radiant altar of Vehumet.
   522 | D        | Found a deep blue altar of Sif Muna.
   522 | D        | Found an ancient bone altar of Kikubaaqudgha.
   522 | D        | Noticed a wizard
   523 | D        | Killed a wizard
   523 | D        | Reached skill level 15 in Stealth
   525 | D        | Reached ** piety under Trog
   527 | D        | Reached *** piety under Trog
   554 | D        | Noticed a jelly
   555 | D        | Noticed a shadow
   557 | D        | Killed a shadow
   557 | D        | Reached skill level 2 in Fighting
   565 | D        | Killed a jelly
   565 | D        | Reached **** piety under Trog
   565 | D        | Reached skill level 3 in Short Blades
   686 | D        | Found a stormy altar of Qazlal.
   687 | D        | Found a sacrificial altar of Ru.
   687 | D        | Found a burning altar of Makhleb.
   687 | D        | Found a viscous altar of Jiyva.
   687 | D        | Found a shimmering altar of Xom.
   687 | D        | Found a shadowy altar of Dithmenos.
   687 | D        | Found a sparkling altar of Nemelex Xobeh.
   687 | D        | Found a corrupted altar of Lugonu.
   687 | D        | Found an opulent altar of Gozag.
   687 | D        | Noticed a spatial vortex
   703 | D        | Killed a spatial vortex
   703 | D        | Reached XP level 8. HP: 39/39 MP: 8/8
   737 | D        | Noticed a two-headed ogre
   737 | D        | Noticed a two-headed ogre
   770 | D        | Killed a two-headed ogre
   801 | D        | Noticed a two-headed ogre
   801 | D        | Noticed a hill giant
   848 | D        | Killed a two-headed ogre
   848 | D        | Received a gift from Trog
   848 | D        | Reached skill level 3 in Fighting
   848 | D        | Reached skill level 4 in Short Blades
   848 | D        | Reached skill level 14 in Throwing
   891 | D        | Killed a two-headed ogre
   923 | D        | Killed a hill giant
   923 | D        | Received a gift from Trog
   970 | D        | Noticed a hill giant
   971 | D        | Noticed Erolcha
   971 | D        | Noticed a redback
   985 | D        | Killed Erolcha
   985 | D        | Received a gift from Trog
   985 | D        | Reached skill level 4 in Fighting
   985 | D        | Reached skill level 6 in Short Blades
   985 | D        | Reached skill level 15 in Throwing
   985 | D        | Reached skill level 16 in Stealth
   985 | D        | Reached XP level 9. HP: 44/46 MP: 9/9
   999 | D        | Killed a redback
   999 | D        | Reached skill level 5 in Fighting
  1114 | D        | Noticed a trapdoor spider
  1114 | D        | Noticed a trapdoor spider
  1127 | D        | Killed a trapdoor spider
  1127 | D        | Received a gift from Trog
  1127 | D        | Reached skill level 17 in Stealth
  1149 | D        | Killed a hill giant
  1149 | D        | Reached skill level 7 in Short Blades
  1209 | D        | Killed a trapdoor spider
  1209 | D        | Reached ***** piety under Trog
  1252 | D        | Noticed a wandering mushroom
  1256 | D        | Noticed a wandering mushroom
  1258 | D        | Noticed a wandering mushroom
  1266 | D        | Killed a wandering mushroom
  1277 | D        | Killed a wandering mushroom
  1282 | D        | Killed a wandering mushroom
  1282 | D        | Reached skill level 6 in Fighting
  1315 | D        | Noticed Joseph
  1316 | D        | Noticed Harold
  1319 | D        | Killed Harold
  1319 | D        | Received a gift from Trog
  1319 | D        | Reached skill level 7 in Fighting
  1319 | D        | Reached skill level 9 in Short Blades
  1319 | D        | Reached skill level 16 in Throwing
  1319 | D        | Reached skill level 18 in Stealth
  1319 | D        | Reached XP level 10. HP: 52/55 MP: 10/10
  1321 | D        | Killed Joseph
  1332 | D        | Noticed an orc high priest
  1332 | D        | Noticed an orc high priest
  1334 | D        | Noticed a yaktaur
  1335 | D        | Noticed a yaktaur
  1335 | D        | Noticed a yaktaur
  1335 | D        | Noticed a yaktaur captain
  1336 | D        | Killed a yaktaur
  1336 | D        | Reached skill level 17 in Throwing
  1340 | D        | Killed a yaktaur
  1344 | D        | Killed a yaktaur
  1344 | D        | Reached skill level 10 in Short Blades
  1344 | D        | Reached skill level 19 in Stealth
  1353 | D        | Killed a yaktaur captain
  1353 | D        | Reached skill level 8 in Fighting
  1364 | D        | Noticed Azrael
  1366 | D        | Killed Azrael
  1366 | D        | Reached ****** piety under Trog
  1366 | D        | Reached XP level 11. HP: 60/60 MP: 10/10
  1381 | D        | Noticed an orc high priest
  1382 | D        | Noticed an orc priest
  1393 | D        | Killed an orc high priest
  1393 | D        | Received a gift from Trog
  1410 | D        | Killed an orc priest
  1416 | D        | Killed an orc high priest
  1416 | D        | Reached skill level 18 in Throwing
  1495 | D        | Killed a yaktaur
  1628 | D        | Noticed an orc wizard
  1629 | D        | Killed an orc wizard
  1630 | D        | Found Pamihass's Gadget Shoppe.
  1630 | D        | Noticed an orc wizard
  1631 | D        | Killed an orc wizard
  1631 | D        | Received a gift from Trog
  1634 | D        | Noticed an orc priest
  1634 | D        | Noticed an orc warrior
  1634 | D        | Noticed an orc sorcerer
  1634 | D        | Noticed an orc priest
  1634 | D        | Noticed an orc wizard
  1634 | D        | Noticed an orc wizard
  1634 | D        | Noticed an orc sorcerer
  1634 | D        | Noticed an orc priest
  1635 | D        | Received a gift from Trog
  1636 | D        | Killed an orc priest
  1656 | D        | Killed an orc priest
  1658 | D        | Killed an orc wizard
  1672 | D        | Killed an orc wizard
  1672 | D        | Received a gift from Trog
  1697 | D        | Killed an orc sorcerer
  1697 | D        | Reached skill level 11 in Short Blades
  1700 | D        | Killed an orc warrior
  1789 | D        | Killed an orc priest
  1789 | D        | Received a gift from Trog
  1794 | D        | Killed an orc sorcerer
  1794 | D        | Received a gift from Trog
  1794 | D        | Reached skill level 20 in Stealth
  1854 | D        | Bought a wand of heal wounds (5) for 756 gold pieces
  1854 | D        | Bought a wand of hasting (5) for 756 gold pieces
  1911 | D        | Noticed a deep elf conjurer
  1911 | D        | Noticed a deep elf priest
  1911 | D        | Noticed a deep elf priest
  1911 | D        | Noticed a deep elf summoner
  1911 | D        | Noticed a deep elf priest
  1990 | D        | Killed a deep elf summoner
  1990 | D        | Received a gift from Trog
  1990 | D        | Reached skill level 9 in Fighting
  2170 | D        | Killed a deep elf priest
  2477 | D        | Killed a deep elf priest
  2500 | D        | Noticed a deep elf conjurer
  2536 | D        | Killed a deep elf priest
  2536 | D        | Received a gift from Trog
  2571 | D        | Killed a deep elf conjurer
  2571 | D        | Received a gift from Trog
  2593 | D        | Noticed a spiny frog
  2593 | D        | Noticed a komodo dragon
  2594 | D        | Noticed a spiny frog
  2598 | D        | Killed a spiny frog
  2600 | D        | Killed a komodo dragon
  2601 | D        | Killed a spiny frog
  2601 | D        | Reached skill level 12 in Short Blades
  2684 | D        | Noticed a redback
  2686 | D        | Killed a redback
  2686 | D        | Reached skill level 19 in Throwing
  2687 | D        | Noticed a brain worm
  2697 | D        | Killed a brain worm
  2697 | D        | Received a gift from Trog
  2764 | D        | Gained mutation: You are frail (-10% HP). [mutagenic glow]
  2766 | D        | Noticed a brain worm
  2774 | D        | Killed a brain worm
  2803 | D        | Killed an electric eel
  2842 | D        | Noticed a lindwurm
  2844 | D        | Noticed a redback
  2845 | D        | Killed a lindwurm
  2851 | D        | Killed a redback
  2855 | D        | Killed a wasp
  2928 | D        | Killed a yaktaur
  2934 | D        | Killed a hornet
  2955 | D        | Killed Nessos
  3109 | D        | Noticed a redback
  3110 | D        | Killed a redback
  3111 | D        | Noticed Maud
  3113 | D        | Killed Maud
  3113 | D        | Reached skill level 21 in Stealth
  3117 | D        | Noticed a seven-headed hydra
  3117 | D        | Noticed a six-headed hydra
  3120 | D        | Noticed a death drake
  3126 | D        | Killed a death drake
  3126 | D        | Received a gift from Trog
  3126 | D        | Reached skill level 10 in Fighting
  3127 | D        | HP: 1/52 [poison (dark miasma)]
  3137 | D        | Killed a six-headed hydra
  3380 | D        | Killed an orc high priest
  3404 | D        | Noticed a killer bee
  3404 | D        | Noticed a killer bee
  3404 | D        | Noticed a killer bee
  3405 | D        | Noticed a killer bee
  3405 | D        | Noticed a killer bee
  3405 | D        | Noticed a killer bee
  3405 | D        | Noticed a killer bee
  3405 | D        | Noticed a killer bee
  3405 | D        | Noticed a killer bee
  3405 | D        | Noticed a killer bee
  3405 | D        | Noticed a killer bee
  3405 | D        | Noticed a killer bee
  3405 | D        | Noticed a killer bee
  3405 | D        | Noticed a killer bee
  3405 | D        | Noticed a killer bee
  3405 | D        | Noticed a killer bee
  3405 | D        | Noticed a killer bee
  3405 | D        | Noticed a killer bee
  3405 | D        | Noticed a queen bee
  3405 | D        | Noticed a killer bee
  3405 | D        | Noticed a killer bee
  3405 | D        | Noticed a killer bee
  3405 | D        | Noticed a killer bee
  3405 | D        | Noticed a killer bee
  3405 | D        | Noticed a killer bee
  3405 | D        | Noticed a killer bee
  3405 | D        | Noticed a killer bee
  3405 | D        | Noticed a killer bee
  3405 | D        | Noticed a killer bee
  3405 | D        | Noticed a killer bee
  3405 | D        | Noticed a killer bee
  3405 | D        | Noticed a killer bee
  3405 | D        | Noticed a killer bee
  3425 | D        | Noticed a wasp
  3434 | D        | Killed a wasp
  3434 | D        | Received a gift from Trog
  3453 | D        | Noticed a spriggan defender
  3454 | D        | Noticed a spriggan defender
  3454 | D        | Noticed a spriggan defender
  3454 | D        | Noticed a spriggan defender
  3475 | D        | Killed a spriggan defender
  3486 | D        | HP: 1/56 [spriggan defender/dagger (11)]
  3494 | D        | Killed a spriggan defender
  3494 | D        | Received a gift from Trog
  3734 | D        | Killed a mummy priest
  3735 | D        | Killed a killer bee
  3742 | D        | Killed a killer bee
  3743 | D        | Killed a killer bee
  3743 | D        | Received a gift from Trog
  3745 | D        | Killed a killer bee
  3746 | D        | Killed a killer bee
  3746 | D        | Reached XP level 12. HP: 37/60 MP: 3/11
  3747 | D        | Killed a killer bee
  3747 | D        | Received a gift from Trog
  3749 | D        | Killed a killer bee
  3750 | D        | Killed a killer bee
  3750 | D        | Received a gift from Trog
  3755 | D        | Killed a killer bee
  3758 | D        | Killed a killer bee
  3759 | D        | Killed a killer bee
  3760 | D        | Killed a killer bee
  3761 | D        | Killed a killer bee
  3762 | D        | Killed a killer bee
  3763 | D        | Killed a killer bee
  3763 | D        | Received a gift from Trog
  3765 | D        | Killed a killer bee
  3767 | D        | Killed a killer bee
  3789 | D        | Killed a killer bee
  3789 | D        | Received a gift from Trog
  3789 | D        | Reached skill level 13 in Short Blades
  3803 | D        | Killed a killer bee
  3803 | D        | Received a gift from Trog
  3834 | D        | Killed a killer bee
  3844 | D        | Killed a killer bee
  3844 | D        | Received a gift from Trog
  3862 | D        | Killed a killer bee
  3873 | D        | Killed a killer bee
  3888 | D        | Killed a killer bee
  3893 | D        | Killed a killer bee
  3893 | D        | Received a gift from Trog
  3900 | D        | Killed a killer bee
  3912 | D        | Killed a killer bee
  3917 | D        | Killed a killer bee
  3940 | D        | Killed a killer bee
  3942 | D        | Killed a killer bee
  3946 | D        | Killed a queen bee
  3975 | D        | Killed a killer bee
  3975 | D        | Received a gift from Trog
  3975 | D        | Reached skill level 20 in Throwing
  3980 | D        | Killed a killer bee
  4088 | D        | Killed by a distortion unwield

Action                   |  1- 3 |  4- 6 |  7- 9 | 10-12 || total
-------------------------+-------+-------+-------+-------++-------
Melee: Dagger            |     6 |    14 |    26 |    20 ||    66
       Quick blade       |       |       |       |   117 ||   117
 Fire: Blowgun           |     1 |       |    26 |    81 ||   108
Throw: Tomahawk          |       |       |    35 |     5 ||    40
       Throwing net      |       |       |       |     9 ||     9
Invok: Berserk           |       |       |     1 |     1 ||     2
       Burn Spellbooks   |       |       |     1 |       ||     1
       Brothers in Arms  |       |       |       |     4 ||     4
  Use: Potion            |       |     5 |     1 |     4 ||    10
       Scroll            |       |       |       |     4 ||     4
 Stab: Sleeping          |     5 |     2 |     4 |    17 ||    28
       Distracted        |       |       |     2 |     5 ||     7
       Confused          |       |       |       |     4 ||     4
       Held in net/web   |       |       |       |     4 ||     4
  Eat: Royal jelly       |       |       |     1 |     3 ||     4
       Bread ration      |       |       |       |     1 ||     1
